[ AOE2 MATCH · #506536394 ]
UnrankedLithuanians vs Vikings
Rival team · LOSS
[ REPLAY ANALYSIS · EXTRACTED FROM THE RECORDED GAME ]
Feudal
8:32
Castle
31:11
Imperial
—
| APM avg | 58.4 |
| APM peak | 112 |
| eAPM avg | 22.5 |
| Villagers / military | 57 / 20 |
Focus
⚔️ 45.6% · 🌾 54.4%
Scout Cavalry ×17 · Spearman ×3
Feudal
10:01
Castle
—
Imperial
—
| APM avg | 56.6 |
| APM peak | 80 |
| eAPM avg | 27.7 |
| Villagers / military | 61 / 23 |
Focus
⚔️ 25.7% · 🌾 74.3%
Spearman ×14 · Scout Cavalry ×5 · Militia ×4
Match map
Initial resources + every placement click. Lines = walls · curves = elevation contours. ◆ gold · ⬟ stone · ● berries · ✦ relic · ◌ wall gap
Your base· Open — 3t gap
Eden's base· Open — unwalled flank
Smoothed initial terrain · ◌ = detected wall gap · hover for details
Inputs per minute
— Ivannovich - - Eden
Build order — Ivannovich
148 actions detected in the replay
| 0:00 | Queue | Villager (Male) |
| 0:00 | Queue | Villager (Male) |
| 0:03 | Build | House |
| 0:04 | Build | House |
| 0:08 | Queue | Villager (Male) |
| 0:10 | Queue | Villager (Male) |
| 0:19 | Queue | Villager (Male) |
| 0:21 | Queue | Villager (Male) |
| 1:23 | Queue | Villager (Male) |
| 1:23 | Queue | Villager (Male) |
| 1:54 | Queue | Villager (Male) |
| 2:18 | Queue | Villager (Male) |
| 2:48 | Queue | Villager (Male) |
| 3:26 | Build | Lumber Camp |
| 3:32 | Queue | Villager (Male) |
| 3:54 | Queue | Villager (Male) |
| 4:35 | Queue | Villager (Male) |
| 4:38 | Build | House |
| 4:40 | Research | Loom |
| 4:52 | Queue | Villager (Male) |
| 5:11 | Queue | Villager (Male) |
| 5:54 | Build | Mill |
| 5:57 | Queue | Villager (Male) |
| 6:15 | Research | Feudal Age |
| 7:34 | Build | Barracks |
| 8:20 | Build | House |
| 8:32 | Age | Feudal Age |
| 8:34 | Build | Stable |
| 8:36 | Queue | Villager (Male) |
| 8:54 | Build | House |
| 9:01 | Queue | Villager (Male) |
| 9:03 | Queue | Scout Cavalry |
| 9:03 | Queue | Scout Cavalry |
| 9:21 | Queue | Scout Cavalry |
| 9:27 | Queue | Villager (Male) |
| 9:31 | Build | Mining Camp |
| 9:41 | Queue | Villager (Male) |
| 10:04 | Build | Watch Tower |
| 10:07 | Queue | Villager (Male) |
| 10:32 | Build | Watch Tower |
| 10:35 | Queue | Scout Cavalry |
| 10:43 | Build | Watch Tower |
| 11:29 | Build | Watch Tower |
| 11:49 | Queue | Scout Cavalry |
| 11:58 | Queue | Villager (Male) |
| 12:00 | Build | Farm |
| 12:00 | Build | Farm |
| 12:00 | Build | Farm |
| 12:00 | Build | Farm |
| 12:11 | Build | Palisade Wall |
| 12:30 | Build | Watch Tower |
| 12:35 | Build | Palisade Wall |
| 12:35 | Build | Palisade Wall |
| 12:36 | Build | Palisade Wall |
| 12:36 | Build | Palisade Wall |
| 12:36 | Build | Palisade Wall |
| 12:36 | Build | Palisade Wall |
| 12:37 | Build | Palisade Wall |
| 12:37 | Build | Palisade Wall |
| 12:46 | Queue | Villager (Male) |
| 13:09 | Build | Palisade Wall |
| 13:10 | Build | Palisade Wall |
| 13:10 | Build | Palisade Wall |
| 13:14 | Build | Palisade Wall |
| 13:24 | Queue | Villager (Male) |
| 13:38 | Queue | Villager (Male) |
| 13:48 | Build | Lumber Camp |
| 13:53 | Queue | Villager (Male) |
| 14:10 | Build | Palisade Wall |
| 14:10 | Build | Palisade Wall |
| 14:11 | Build | Palisade Wall |
| 14:11 | Build | Palisade Wall |
| 14:44 | Build | Watch Tower |
| 14:46 | Queue | Villager (Male) |
| 15:10 | Build | House |
| 15:35 | Build | Palisade Wall |
| 15:36 | Build | Palisade Wall |
| 15:36 | Build | Palisade Wall |
| 15:36 | Build | Palisade Wall |
| 15:42 | Queue | Villager (Male) |
| 16:04 | Queue | Villager (Male) |
| 16:25 | Build | House |
| 16:43 | Queue | Villager (Male) |
| 16:54 | Build | Watch Tower |
| 17:07 | Build | House |
| 17:10 | Queue | Villager (Male) |
| 17:12 | Build | Market |
| 17:43 | Build | House |
| 17:48 | Queue | Villager (Male) |
| 17:55 | Build | House |
| 17:58 | Build | Palisade Wall |
| 18:07 | Build | Palisade Wall |
| 18:19 | Build | Palisade Wall |
| 18:23 | Build | Watch Tower |
| 18:47 | Queue | Villager (Male) ×5 |
| 19:00 | Queue | Villager (Male) |
| 19:42 | Queue | Scout Cavalry |
| 19:49 | Build | Mining Camp |
| 20:13 | Build | Watch Tower |
| 20:32 | Queue | Villager (Male) |
| 20:50 | Queue | Villager (Male) |
| 21:05 | Build | House |
| 21:07 | Build | Palisade Wall |
| 21:08 | Build | House |
| 21:13 | Build | House |
| 21:34 | Queue | Villager (Male) ×5 |
| 22:16 | Queue | Scout Cavalry |
| 22:31 | Queue | Villager (Male) |
| 22:33 | Build | Lumber Camp |
| 22:46 | Queue | Scout Cavalry |
| 22:50 | Queue | Scout Cavalry |
| 23:08 | Queue | Scout Cavalry |
| 23:21 | Queue | Scout Cavalry |
| 23:43 | Queue | Scout Cavalry |
| 23:58 | Build | Mining Camp |
| 24:03 | Queue | Scout Cavalry |
| 24:12 | Queue | Villager (Male) ×2 |
| 24:34 | Queue | Villager (Male) |
| 25:23 | Queue | Villager (Male) ×5 |
| 25:26 | Queue | Villager (Male) |
| 25:49 | Build | Mill |
| 26:16 | Queue | Scout Cavalry |
| 26:48 | Queue | Scout Cavalry |
| 27:03 | Build | Blacksmith |
| 27:07 | Queue | Scout Cavalry |
| 27:24 | Research | Town Watch |
| 27:29 | Build | House |
| 27:32 | Queue | Spearman |
| 27:35 | Queue | Scout Cavalry |
| 27:37 | Build | House |
| 27:39 | Build | House |
| 27:40 | Build | House |
| 27:42 | Build | House |
| 27:44 | Build | House |
| 27:46 | Build | House |
| 28:31 | Research | Castle Age |
| 28:32 | Research | Castle Age |
| 29:10 | Build | Farm |
| 29:11 | Build | Farm |
| 29:11 | Build | Farm |
| 29:11 | Build | Farm |
| 29:16 | Queue | Spearman |
| 30:12 | Research | Fletching |
| 30:14 | Research | Forging |
| 30:25 | Queue | Spearman |
| 30:29 | Queue | Villager (Male) |
| 31:11 | Age | Castle Age |
| 31:12 | Build | Watch Tower |
Build order — Eden
First 150 of 172 actions detected
| 0:01 | Queue | Villager (Male) ×4 |
| 0:04 | Build | House |
| 0:06 | Build | House |
| 1:27 | Queue | Villager (Male) |
| 1:57 | Queue | Villager (Male) |
| 2:10 | Research | Loom |
| 2:18 | Queue | Villager (Male) |
| 2:44 | Research | Loom |
| 2:51 | Queue | Villager (Male) |
| 3:01 | Queue | Villager (Male) |
| 3:03 | Build | Lumber Camp |
| 3:14 | Build | Palisade Gate |
| 3:22 | Queue | Villager (Male) |
| 3:52 | Build | House |
| 4:12 | Queue | Villager (Male) |
| 4:54 | Queue | Villager (Male) |
| 4:55 | Queue | Villager (Male) |
| 5:37 | Queue | Villager (Male) |
| 5:52 | Build | Mill |
| 6:03 | Queue | Villager (Male) |
| 6:13 | Queue | Villager (Male) |
| 7:05 | Queue | Villager (Male) |
| 7:14 | Build | Barracks |
| 7:33 | Queue | Villager (Male) |
| 7:51 | Research | Feudal Age |
| 8:14 | Build | House |
| 8:22 | Build | House |
| 8:52 | Queue | Militia |
| 9:09 | Build | Palisade Wall |
| 9:15 | Queue | Militia |
| 9:21 | Build | House |
| 9:22 | Build | Palisade Wall |
| 9:25 | Build | Palisade Wall |
| 9:28 | Queue | Militia |
| 9:30 | Queue | Villager (Male) |
| 9:32 | Build | House |
| 10:01 | Age | Feudal Age |
| 10:17 | Queue | Villager (Male) |
| 10:19 | Build | Palisade Wall |
| 10:22 | Queue | Militia |
| 10:43 | Build | Palisade Wall |
| 10:46 | Build | Palisade Wall |
| 10:47 | Build | House |
| 10:48 | Build | Palisade Wall |
| 10:50 | Build | Palisade Wall |
| 10:57 | Queue | Spearman |
| 11:00 | Queue | Villager (Male) |
| 11:03 | Build | Watch Tower |
| 11:09 | Queue | Villager (Male) |
| 11:52 | Research | Man-at-Arms (upgrade) |
| 11:59 | Queue | Villager (Male) |
| 12:21 | Queue | Villager (Male) |
| 12:33 | Queue | Spearman |
| 12:49 | Build | Mill |
| 12:53 | Queue | Villager (Male) |
| 13:18 | Queue | Villager (Male) |
| 13:32 | Queue | Villager (Male) |
| 13:44 | Build | Farm |
| 14:11 | Build | Watch Tower |
| 14:17 | Queue | Villager (Male) |
| 14:19 | Build | Farm |
| 14:36 | Queue | Villager (Male) |
| 14:54 | Queue | Spearman |
| 14:58 | Queue | Villager (Male) |
| 15:03 | Build | Palisade Wall |
| 15:43 | Build | Palisade Wall |
| 15:45 | Build | Palisade Wall |
| 15:47 | Queue | Villager (Male) |
| 16:23 | Queue | Villager (Male) |
| 16:27 | Build | Palisade Wall |
| 16:45 | Build | Palisade Wall |
| 16:52 | Build | Palisade Wall |
| 16:53 | Queue | Villager (Male) |
| 17:04 | Queue | Villager (Male) |
| 17:06 | Queue | Spearman |
| 17:09 | Queue | Spearman |
| 17:18 | Build | Mining Camp |
| 17:24 | Queue | Spearman |
| 17:33 | Build | Palisade Wall |
| 17:42 | Build | Palisade Wall |
| 17:47 | Queue | Villager (Male) |
| 18:03 | Build | Farm |
| 18:09 | Queue | Spearman |
| 18:25 | Build | Farm |
| 18:26 | Queue | Villager (Male) |
| 18:34 | Build | Farm |
| 19:04 | Build | Farm |
| 19:04 | Queue | Villager (Male) |
| 19:15 | Build | Farm |
| 19:25 | Queue | Villager (Male) |
| 19:37 | Queue | Villager (Male) |
| 19:53 | Build | House |
| 19:56 | Build | House |
| 19:57 | Build | House |
| 20:00 | Build | House |
| 20:01 | Build | Palisade Wall |
| 20:09 | Queue | Villager (Male) |
| 20:15 | Queue | Villager (Male) |
| 20:20 | Build | Palisade Wall |
| 20:50 | Queue | Spearman |
| 20:54 | Build | Market |
| 21:20 | Build | Palisade Wall |
| 21:35 | Queue | Villager (Male) |
| 21:41 | Build | Palisade Wall |
| 21:51 | Queue | Villager (Male) |
| 22:01 | Build | Farm |
| 22:01 | Queue | Villager (Male) |
| 22:15 | Build | House |
| 22:17 | Build | Palisade Wall |
| 22:28 | Build | Archery Range |
| 22:29 | Queue | Villager (Male) |
| 22:32 | Build | Palisade Wall |
| 22:47 | Build | Farm |
| 22:47 | Queue | Villager (Male) |
| 22:51 | Build | House |
| 23:03 | Build | Farm |
| 23:04 | Queue | Villager (Male) |
| 23:09 | Queue | Spearman |
| 23:12 | Build | Stable |
| 23:16 | Build | Palisade Wall |
| 23:21 | Queue | Villager (Male) |
| 23:34 | Queue | Villager (Male) |
| 23:38 | Research | Double-Bit Axe |
| 23:52 | Build | Farm |
| 23:57 | Queue | Villager (Male) |
| 24:12 | Queue | Scout Cavalry |
| 24:18 | Build | Palisade Wall |
| 24:20 | Build | Palisade Wall |
| 24:35 | Queue | Scout Cavalry |
| 24:51 | Build | Palisade Wall |
| 25:05 | Queue | Scout Cavalry |
| 25:14 | Build | Farm |
| 25:14 | Queue | Villager (Male) |
| 25:22 | Build | Farm |
| 25:31 | Queue | Villager (Male) |
| 25:40 | Build | Farm |
| 25:40 | Queue | Villager (Male) |
| 25:59 | Queue | Spearman |
| 26:17 | Build | Farm |
| 26:22 | Queue | Villager (Male) |
| 26:24 | Queue | Scout Cavalry |
| 26:27 | Queue | Spearman |
| 26:58 | Queue | Villager (Male) |
| 27:06 | Queue | Scout Cavalry |
| 27:17 | Build | Lumber Camp |
| 27:30 | Queue | Villager (Male) |
| 27:41 | Queue | Spearman |
| 27:54 | Queue | Villager (Male) |
| 27:57 | Queue | Spearman |
| 28:21 | Queue | Spearman |
Match timeline
| 7:14 | Eden · first_building Barracks |
| 7:34 | Ivannovich · first_building Barracks |
| 8:32 | Ivannovich · age_up feudal |
| 8:34 | Ivannovich · first_building Stable |
| 9:09 | Eden · wall_segment Palisade Wall x4 |
| 9:22 | Eden · wall_segment Palisade Wall x4 |
| 9:25 | Eden · wall_segment Palisade Wall x6 |
| 10:01 | Eden · age_up feudal |
| 10:19 | Eden · wall_segment Palisade Wall x1 |
| 10:43 | Eden · wall_segment Palisade Wall x1 |
| 10:46 | Eden · wall_segment Palisade Wall x1 |
| 10:48 | Eden · wall_segment Palisade Wall x1 |
| 10:50 | Eden · wall_segment Palisade Wall x1 |
| 12:11 | Ivannovich · wall_segment Palisade Wall x1 |
| 12:35 | Ivannovich · wall_segment Palisade Wall x1 |
| 12:35 | Ivannovich · wall_segment Palisade Wall x2 |
| 12:36 | Ivannovich · wall_segment Palisade Wall x2 |
| 12:36 | Ivannovich · wall_segment Palisade Wall x1 |
| 12:36 | Ivannovich · wall_segment Palisade Wall x2 |
| 12:36 | Ivannovich · wall_segment Palisade Wall x2 |
| 12:37 | Ivannovich · wall_segment Palisade Wall x1 |
| 12:37 | Ivannovich · wall_segment Palisade Wall x1 |
| 13:09 | Ivannovich · wall_segment Palisade Wall x1 |
| 13:10 | Ivannovich · wall_segment Palisade Wall x2 |
| 13:10 | Ivannovich · wall_segment Palisade Wall x1 |
| 13:14 | Ivannovich · wall_segment Palisade Wall x1 |
| 14:10 | Ivannovich · wall_segment Palisade Wall x1 |
| 14:10 | Ivannovich · wall_segment Palisade Wall x1 |
| 14:11 | Ivannovich · wall_segment Palisade Wall x2 |
| 14:11 | Ivannovich · wall_segment Palisade Wall x1 |
| 15:03 | Eden · wall_segment Palisade Wall x1 |
| 15:35 | Ivannovich · wall_segment Palisade Wall x1 |
| 15:36 | Ivannovich · wall_segment Palisade Wall x2 |
| 15:36 | Ivannovich · wall_segment Palisade Wall x1 |
| 15:36 | Ivannovich · wall_segment Palisade Wall x1 |
| 15:43 | Eden · wall_segment Palisade Wall x1 |
| 15:45 | Eden · wall_segment Palisade Wall x1 |
| 16:27 | Eden · wall_segment Palisade Wall x1 |
| 16:45 | Eden · wall_segment Palisade Wall x1 |
| 16:52 | Eden · wall_segment Palisade Wall x1 |
| 17:33 | Eden · wall_segment Palisade Wall x1 |
| 17:42 | Eden · wall_segment Palisade Wall x1 |
| 17:58 | Ivannovich · wall_segment Palisade Wall x1 |
| 18:07 | Ivannovich · wall_segment Palisade Wall x1 |
| 18:19 | Ivannovich · wall_segment Palisade Wall x1 |
| 20:01 | Eden · wall_segment Palisade Wall x1 |
| 20:20 | Eden · wall_segment Palisade Wall x1 |
| 20:54 | Ivannovich · first_market_buy 100 wood |
| 21:07 | Ivannovich · wall_segment Palisade Wall x1 |
| 21:20 | Eden · wall_segment Palisade Wall x1 |
| 21:41 | Eden · wall_segment Palisade Wall x1 |
| 22:03 | Eden · first_market_sell 100 wood |
| 22:04 | Eden · first_market_buy 100 stone |
| 22:17 | Eden · wall_segment Palisade Wall x1 |
| 22:28 | Eden · first_building Archery Range |
| 22:32 | Eden · wall_segment Palisade Wall x1 |
| 23:12 | Eden · first_building Stable |
| 23:16 | Eden · wall_segment Palisade Wall x1 |
| 24:18 | Eden · wall_segment Palisade Wall x1 |
| 24:20 | Eden · wall_segment Palisade Wall x1 |
| 24:51 | Eden · wall_segment Palisade Wall x1 |
| 28:30 | Eden · wall_segment Palisade Wall x1 |
| 28:36 | Eden · wall_segment Palisade Wall x1 |
| 28:37 | Eden · wall_segment Palisade Wall x1 |
| 31:11 | Ivannovich · age_up castle |
| 31:15 | Eden · resign |
[ AI ANALYSIS · 1 CREDIT ]
What really happened in this match?
Wolo.gg analyzes every decision: build order, eco, micro, common mistakes by bracket. Personalized analysis on WhatsApp or Discord in 30 seconds.
Civ guide
Lithuanians
Perfil
Jugador #10002548